 Dungeon Crawl Stone Soup version 0.29.0-7-g18a832c13a (webtiles) character file.

Game seed: 13437254903600141838

579 Arum the Shield-Bearer (level 7, -4/52 (56) HPs)
             Began as a Formicid Fighter on Aug 30, 2022.
             Was an Initiate of Qazlal.
             Slain by an orc priest
             ... wielding a +0 falchion
              (6 damage)
             ... on level 5 of the Dungeon.
             The game lasted 00:04:49 (4634 turns).

Arum the Shield-Bearer (Formicid Fighter)           Turns: 4634, Time: 00:04:50

HP:   -4/52 (56)    AC:  7    Str: 29    XL:     7   Next: 63%
MP:   7/7           EV:  9    Int:  7    God:    Qazlal [......]
Gold: 281           SH: 10    Dex: 13    Spells: 6/6 levels left

rFire   . . .      SeeInvis +   a - +0 quarterstaff
rCold   + . .      Faith    .   f - +1 kite shield
rNeg    . . .      Spirit   .   b - +0 scale mail
rPois   .          Reflect  .   (helmet unavailable)
rElec   .          Harm     .   (no cloak)
rCorr   .          Rampage  .   (no gloves)
Will    .....                   (no boots)
Stlth   ..........              (no amulet)
HPRegen 0.17/turn               g - +6 ring of strength
MPRegen 0.10/turn               n - ring of protection from cold

@: drained
A: permanent stasis, dig shafts and tunnels, antennae 3, four strong arms
a: Dig, Shaft Self, Renounce Religion


You were on level 5 of the Dungeon.
You worshipped Qazlal.
Qazlal was noncommittal.
You visited 1 branch of the dungeon, and saw 5 of its levels.
You also visited: Sewer.

You collected 281 gold pieces.

Inventory:

Hand Weapons
 a - a +0 quarterstaff (weapon)
Missiles
 i - 4 poisoned darts
Armour
 b - a +0 scale mail (worn)
 c - a +0 buckler
 f - a +1 kite shield (worn)
Jewellery
 g - a +6 ring of strength (left hand)
 n - a ring of protection from cold (right hand)
Wands
 p - a wand of flame (18)
Scrolls
 e - a scroll of enchant weapon {unknown}
 h - a scroll of butterflies {unknown}
 j - 4 scrolls of identify
 k - a scroll of blinking {unknown}
 o - a scroll of magic mapping
 q - 3 scrolls of teleportation
 r - a scroll of noise {unknown}
 s - a scroll of silence {unknown}
 v - a scroll of amnesia {unknown}
Potions
 d - 3 potions of might
 l - a potion of lignification
 m - a potion of invisibility {unknown}


   Skills:
 + Level 5.4 Fighting
 + Level 4.3 Staves
 + Level 5.4 Armour
 + Level 6.0 Shields


You had 6 spell levels left.
You didn't know any spells.
Your spell library contained the following spells:

 Spells                   Type           Power      Damage    Failure   Level
 Apportation              Tloc           0%         N/A       90%         1
 Necrotise                Necr           0%         1d4       90%         1
 Vampiric Draining        Necr           0%         2d6       99%         3
 Agony                    Necr           0%         N/A       100%        5
 Alistair's Intoxication  Tmut/Pois      0%         N/A       100%        5
 Death Channel            Necr           0%         N/A       100%        6
 Borgnjor's Revivificati  Necr           0%         N/A       100%        8
 Infestation              Necr           0%         N/A       100%        8
 Necromutation            Tmut/Necr      0%         N/A       100%        8
 Chain Lightning          Conj/Air       0%         N/A       100%        9
 Death's Door             Necr           0%         N/A       100%        9
 Fire Storm               Conj/Fire      0%         5d1       100%        9
 Shatter                  Erth           0%         3d5*      100%        9


Dungeon Overview and Level Annotations

Branches:
Dungeon (5/15)             Temple (0/1) D:5           Sewer (visited)

Altars:
Qazlal

Shops:
D:2 =


Innate Abilities, Weirdness & Mutations

You cannot be hasted, slowed, berserked, paralysed or teleported.
You can dig through walls and to a lower floor.
You have a pair of large antennae on your head. (SInv)
Your four strong arms can wield two-handed weapons with a shield.


Message History

Qazlal accepts your kill. The orc hits you with a +0 flail!
* * * LOW HITPOINT WARNING * * *
You sock the orc!
You kill the orc!
Qazlal accepts your kill.
You hit the orc but do no damage. You block the orc's attack.
You completely miss the orc. The orc misses you.
You closely miss the orc. The orc barely misses you.
You barely miss the orc. The orc barely misses you.
The orc hits you but does no damage.
You sock the orc!
You kill the orc!
Qazlal accepts your kill.
You hit the orc.
The orc is moderately wounded.
You block the orc's attack.
You sock the orc!
You kill the orc!
Qazlal accepts your kill.
You barely miss the orc priest. You block the orc priest's attack.
The orc priest casts a cantrip, but nothing happens.
You hit the orc priest but do no damage.
The orc priest looks encouraged for a moment.
You hit the orc priest but do no damage.
The orc priest misses you.
You barely miss the orc priest. You block the orc priest's attack.
You hit the orc priest.
The orc priest is moderately wounded.
You block the orc priest's attack.
You hit the orc priest.
The orc priest is heavily wounded.
You block the orc priest's attack.
The orc priest calls down the wrath of Beogh upon you.
Beogh smites you!
* * * LOW HITPOINT WARNING * * *
You closely miss the orc priest.
The orc priest is heavily wounded.
The orc priest hits you with a +0 falchion.
You die...

......# #.............. ......#
.. #.............. ......####...
#.............. ...............#
#.............. ...............#
#.............. ..)$...........#
#.............. ...............#
#..............
...............####..............
.........o.....#@##......<.......
.........o.....##o#..............
...............#.##..............
................###.....)........
............oo....)..............
.........###.....###.............
.........#~~~~~~~~~#.............
.........#~#.....#~#............#
..........~.......~.............#


You could see an orc priest.

Vanquished Creatures
  Sigmund (D:4)
  Pargi (Sewer)
  A hound (D:5)
  An orc priest (D:5)
  Jessica (D:2)
  3 orc wizards (D:5)
  A gnoll (D:4)
  A river rat (D:4)
  4 adders
  2 worms
  3 dart slugs (D:2)
  9 orcs
  8 ball pythons
  8 endoplasms
  4 giant cockroaches
  7 goblins
  11 hobgoblins
  3 kobolds
  2 bats
  5 frilled lizards
  3 rats
79 creatures vanquished.

Notes
Turn   | Place    | Note
-------+----------+-------------------------------------------
     0 | D:1      | Arum the Formicid Fighter began the quest for the Orb.
     0 | D:1      | Reached XP level 1. HP: 18/18 MP: 1/1
   506 | D:1      | Reached XP level 2. HP: 24/24 MP: 2/2
  1206 | D:2      | Reached XP level 3. HP: 30/30 MP: 3/3
  1574 | D:2      | Found Xomneshri's Jewellery Shoppe.
  1903 | D:2      | Noticed Jessica
  1911 | D:2      | Killed Jessica
  1912 | D:2      | Reached XP level 4. HP: 7/37 MP: 4/4
  2735 | D:3      | Found a stormy altar of Qazlal.
  2740 | D:3      | Became a worshipper of Qazlal Stormbringer
  2829 | D:3      | Reached XP level 5. HP: 34/42 MP: 5/5
  3185 | D:4      | Found a glowing drain.
  3187 | D:4      | Got the Grimoire of the Mausoleum
  3245 | Sewer    | Entered a sewer
  3325 | Sewer    | Noticed Pargi
  3337 | Sewer    | Killed Pargi
  3338 | Sewer    | Reached skill level 5 in Shields
  3338 | Sewer    | Reached XP level 6. HP: 24/49 MP: 6/6
  3918 | D:4      | Noticed Sigmund
  3950 | D:4      | Killed Sigmund
  3951 | D:4      | Reached skill level 5 in Fighting
  3951 | D:4      | Reached skill level 5 in Armour
  3951 | D:4      | Reached XP level 7. HP: 45/56 MP: 7/7
  4416 | D:5      | Entered Level 5 of the Dungeon
  4424 | D:5      | Found a staircase to the Ecumenical Temple.
  4613 | D:5      | Reached skill level 6 in Shields
  4633 | D:5      | HP: 2/52 [orc priest/divine providence (10)]
  4634 | D:5      | Slain by an orc priest

Illustrated notes

Levels and vault maps discovered:
D:1:      wander_arrival_fairy_ring, layout_loops_ring, serial_forest,
          infiniplex_forest_straight_3, infiniplex_forest_clump_tiny,
          infiniplex_forest_corner_2, infiniplex_forest_clump_curved,
          infiniplex_forest_diagonal, infiniplex_forest_split,
          infiniplex_forest_lined_3, infiniplex_forest_pool
D:2:      layout_loops_corners, serial_shops, shop_fountains, uniq_jessica
D:3:      layout_basic, lemuel_doored_altar, kennysheep_potato
D:4:      minmay_recursive_quarters, layout_loops_ring, portal_sewer_entry_a,
          glass_columns_a, uniq_sigmund
D:5:      layout_gridville, minmay_temple_entry_water_ring

Skill      XL: |  1  2  3  4  5  6  7 |
---------------+----------------------+-----
Fighting       | 4 5 |  5.4
Armour         | 4 5 |  5.4
Staves         | 3 4 |  4.3
Shields        | 5 6 |  6.0

Action                   |  1- 3 |  4- 6 |  7- 9 || total
-------------------------+-------+-------+-------++-------
Melee: Quarterstaff      |    82 |   115 |    65 ||   262
 Abil: Dig               |     2 |     1 |     1 ||     4
  Use: Scroll            |       |     3 |     2 ||     5
       Potion            |       |     5 |       ||     5
Armor: Scale mail        |    21 |    53 |    15 ||    89
Dodge: Dodged            |    21 |    45 |    17 ||    83
Block: Kite shield       |    25 |    65 |    36 ||   126
